 Dungeon Crawl Stone Soup version 0.29.0-4-gdea44cf6ec (webtiles) character file.

Game seed: 11199536563215023231

125846 qw the Brawler (level 16, -1/156 HPs)
             Began as a Troll Cinder Acolyte on Aug 31, 2022.
             Was a High Priest of Okawaru.
             Killed by the air
             ... invoked by a wind drake
              (13 damage)
             ... on level 1 of the Shoals.
             The game lasted 00:15:14 (23454 turns).

qw the Brawler (Troll Cinder Acolyte)              Turns: 23454, Time: 00:15:14

Health: -1/156     AC: 14    Str: 32    XL:     16   Next: 42%
Magic:  22/22      EV: 12    Int: 10    God:    Okawaru [*****.]
Gold:   328        SH: 14    Dex:  5    Spells: 17/17 levels left

rFire   + + .      SeeInvis +     - Unarmed
rCold   x . .      Faith    .   i - +2 kite shield
rNeg    . . .      Spirit   .   B - +1 fire dragon scales
rPois   +          Reflect  .   G - +0 mask of the Dragon {Will+ Slay+3 SInv}
rElec   .          Harm     .   o - scarf {repulsion}
rCorr   .          Rampage  .   (gloves unavailable)
Will    ++...                   (boots unavailable)
Stlth   +.........              v - amulet of Vitality {RegenMP++ Regen++}
HPRegen 2.76/turn               c - ring of poison resistance
MPRegen 0.98/turn               z - +4 ring of evasion

@: heroic, finesse-ful, marked, repel missiles, very slow
A: large, unfitting armour, claws 3, regeneration 1, shaggy fur 1, tough skin 1
a: Renounce Religion, Heroism, Finesse, Duel


You were on level 1 of the Shoals.
You worshipped Okawaru.
Okawaru was extremely pleased with you.
You visited 4 branches of the dungeon, and saw 23 of its levels.
You visited 2 bazaars.

You collected 2787 gold pieces.
You spent 2459 gold pieces at shops.


Innate Abilities, Weirdness & Mutations

You are too large for most types of armour.
You have claws for hands.
Your natural rate of healing is unusually fast.
You are covered in fur. (AC +1)
You have tough skin. (AC +1)


   Skills:
 - Level 9.0(14.0) Fighting
 + Level 8.1(13.1) Throwing
 - Level 4.0(9.0) Armour
 - Level 2.0(7.0) Dodging
 - Level 12.9(17.9) Shields
 - Level 20.0(25.0) Unarmed Combat
 - Level 1.0 Spellcasting
 - Level 2.1 Fire Magic
 - Level 10.0 Invocations


You had 17 spell levels left.
You didn't know any spells.
Your spell library contained the following spells:

 Spells                   Type           Power      Damage    Failure   Level
 Scorch                   Fire           8%         2d5       52%         2

Inventory:

Missiles
 n - 22 boomerangs
 q - 4 silver boomerangs
 u - 2 boomerangs of dispersal
 w - 17 javelins
 y - 28 large rocks (quivered)
Armour
 a - +1 acid dragon scales
 h - the +0 hat "Leeluneh" {rPois rN+++ Int-4 Dex-3}
   (You acquired it on level 11 of the Dungeon)

   Int:       It affects your intelligence (-4).
   Dex:       It affects your dexterity (-3).
   rPois:     It protects you from poison.
   rN:        It renders you almost immune to negative energy.
 i - a +2 kite shield (worn)
 j - a +1 hat of see invisible
 o - a scarf of repulsion (worn)
 s - the +1 robe of Osoimn {Fly rElec Dex-2 Archmagi}
   (You found it on level 6 of the Dungeon)

   Dex:       It affects your dexterity (-2).
   rElec:     It insulates you from electricity.
   Fly:       It grants you flight.
   Archmagi:  It increases the power of your magical spells.
 B - +1 fire dragon scales (worn)
 C - a +1 cloak
 F - the +2 cloak of Hedonism {Harm Dex+3 SInv}
   (You bought it in a shop in a bazaar)

   Dex:       It affects your dexterity (+3).
   SInv:      It lets you see invisible.
   Harm:      It increases damage dealt and taken.
 G - the +0 mask of the Dragon (worn) {Will+ Slay+3 SInv}
   (You bought it in a shop in a bazaar)

   Slay:      It affects your accuracy & damage with ranged weapons and melee
   (+3).
   SInv:      It lets you see invisible.
   Will:      It increases your willpower.
 H - the +1 hat "Ekugeann" {Harm rF- Int+5}
   (You found it on level 1 of the Shoals)

   Int:       It affects your intelligence (+5).
   rF:        It makes you vulnerable to fire.
   Harm:      It increases damage dealt and taken.
Jewellery
 c - a ring of poison resistance (left claw)
 r - a +4 ring of protection
 t - a ring of fire
 v - the amulet of Vitality (around neck) {RegenMP++ Regen++}
   (You found it on level 2 of the Lair of Beasts)

   [amulet of magic regeneration]

   It increases your rate of magic regeneration.
   Regen:     It increases your rate of health regeneration.
 z - a +4 ring of evasion (right claw)
 E - a ring of poison resistance
Wands
 A - a wand of digging (20)
Scrolls
 g - 2 scrolls of brand weapon
 l - 10 scrolls of identify
 D - 2 scrolls of enchant weapon
Potions
 b - 9 potions of might
 d - 3 potions of haste
 f - 12 potions of curing
 k - 4 potions of resistance
 p - 2 potions of mutation
 x - 2 potions of magic

Dungeon Overview and Level Annotations

Branches:
Dungeon (15/15)            Temple (0/1) D:4            Lair (5/5) D:8
 Shoals (1/4) Lair:3       Spider (0/4) Lair:2        Slime (0/5) Lair:4
    Orc (2/2) D:9             Elf (0/3) Orc:2        Vaults (0/5) D:14
 Depths (0/4) D:15

Altars:
Cheibriados
Elyvilon
Fedhas
Hepliaklqana
Kikubaaqudgha
Nemelex Xobeh
Okawaru
Xom
Zin
The Shining One
Jiyva

Shops:
D:8 *   D:13 [   D:15 [   Orc:1 [   Orc:2 :[([

Annotations:
D:6 2 transporters, qw's ghost, novice TrCA
D:14 6 transporters, 1 runed translucent door, Uqorphet's ghost, journeyman DECj
Lair:2 1 runed translucent door, qw's ghost, journeyman TrCA


Message History

The water elemental is engulfed in a cloud of scalding steam.
You block the water elemental's attack.
23448 ||| READING scroll of teleportation.
As you read the scroll of teleportation, it crumbles to dust.
You feel strangely unstable.
The water elemental is engulfed in a cloud of scalding steam.
The wind drake is engulfed in a cloud of scalding steam.
The wind drake exhales a fierce blast of wind!
You are blown backwards!
The water elemental is blown away by the wind.
The water elemental is engulfed in a cloud of scalding steam.
The merfolk avatar chants a haunting song.
You resist with almost no effort. The water elemental hits you!
The water elemental engulfs you in water!
The merfolk completely misses you.
You mangle the water elemental!!
You destroy the water elemental!
Okawaru accepts your kill.
You gasp with relief as air once again reaches your lungs.
You closely miss the merfolk.
The merfolk is severely wounded.
The sea snake completely misses you.
A sea snake comes into view.
You mangle the merfolk!!
You kill the merfolk!
Okawaru accepts your kill.
The wind drake exhales a fierce blast of wind!
You are blown backwards!
The sea snake is blown away by the wind.
Splash!
The wind drake flaps its wings at you. The air twists around and strikes you!!
Your surroundings suddenly seem different.
Splash!
You fall into the shallow water.
Moving in this stuff is going to be slow.
A manticore and a wind drake come into view.
The wind drake flaps its wings at you. The air twists around and strikes you!
You die...

~~~~~~~~~~~~~~~ ~~~~~~~~~~~~~~~
~~~~~~~~~~~~~~~ ~~~~~~~~~~~~~~~
~~~~~~~~~~~~~~~ ~~~~~~~~~~~~~~~
~~~~~~~~~~~~~~~ ~~~~~~~@~~~~~~~
....~~~~~~~~~~~~~
~~~~~.......~~~~~~~~~~~~..
~~~~~..##.~~~~~~~~~~~....
~~~~....#.~~~~~~~~~~~^.# ..~~~~~~
~~~~~~.....~.~k~~~~~~..# #.~~~~~~
~~~~~~.......~~~~~~~~..###~~~~~~~
~~~~~~....###H~~~~~~~~~...~~~~~~~
~~~~~~....##.~~...~~~.~~~~~~~~~~~


You could see a wind drake (repels missiles) and a manticore.

Vanquished Creatures
  Jorgrun (D:13)
  Rupert (D:13)
  Kirke (Lair:4)
  Azrael (D:13)
  3 fire dragons
  2 merfolk impalers (Shoals:1)
  Josephine (D:10)
  5 boulder beetles
  A vault guard (D:14)
  Fannar (Lair:2)
  A merfolk avatar (Shoals:1)
  A catoblepas (Lair:5)
  An ogre mage (D:11)
  7 hydras
  5 centaur warriors
  5 tengu warriors
  7 two-headed ogres
  6 death yaks (Lair:5)
  Urug (Orc:2)
  Sonja (D:13)
  6 sea snakes (Shoals:1)
  Nergalle (Lair:1)
  7 skeletal warriors (D:15)
  A sea snake (shapeshifter) (D:11)
  2 harpies (Shoals:1)
  A deep elf pyromancer (D:15)
  A necromancer (D:10)
  2 orc sorcerers (Orc:2)
  13 orc knights
  17 ugly things
  5 cyclopes
  A faun (Shoals:1)
  8 manticores
  12 elephants
  Joseph (D:8)
  6 black mambas
  3 centaur zombies (D:10)
  4 gargoyles
  2 kobold demonologists (D:9)
  14 cane toads
  2 torpor snails
  6 unseen horror zombies (D:10)
  4 centaur skeletons (D:10)
  11 komodo dragons
  2 unseen horrors
  5 yaktaurs (D:12)
  A freezing wraith (D:15)
  An efreet (D:13)
  2 rime drakes
  4 tengu conjurers
  12 trolls
  4 burning bushes (Lair:2)
  A slime creature (D:9)
  13 polar bears
  6 merfolk (Shoals:1)
  Grinder (D:6)
  A hornet (D:8)
  3 snapping turtles (Shoals:1)
  8 dream sheep (Lair:5)
  A meliai zombie (D:10)
  A raiju (Lair:5)
  19 blink frogs
  4 flying skulls (D:10)
  2 shadows (D:10)
  6 water elementals
  5 wraiths
  A vampire (D:9)
  31 yaks
  4 wyverns
  A yak (shapeshifter) (D:15)
  18 fire elementals
  3 humans (Lair:4)
  2 hogs (Lair:4)
  6 basilisks
  A steam dragon (D:9)
  2 redbacks (Lair:2)
  11 vampire mosquitoes
  15 wargs
  A water moccasin (shapeshifter) (D:13)
  5 acid dragons
  11 water moccasins
  15 hell hounds
  12 black bears
  2 ice beasts
  36 orc warriors
  2 sky beasts
  6 centaurs
  8 ogres
  33 wolves
  3 phantoms
  5 kobold brigands
  10 bullfrogs
  3 scorpions
  2 necrophages
  A gnoll sergeant (D:10)
  11 wights
  13 killer bees
  4 howler monkeys
  4 crimson imps (D:10)
  A hound (D:4)
  16 jellies
  A gnoll bouda (D:5)
  14 orc priests
  Ijyb (D:5)
  Terence (D:3)
  2 iguanas
  18 orc wizards
  4 hell rats (Lair:4)
  A howler monkey zombie (D:10)
  15 gnolls
  6 adders
  2 shadow imps
  3 white imps
  An ufetubus (D:4)
  3 worms (D:5)
  5 dart slugs
  84 orcs
  8 ball pythons
  8 bats
  13 endoplasms
  3 giant cockroaches
  10 goblins
  5 hobgoblins
  30 jackals
  23 kobolds
  2 quokkas
  3 frilled lizards
  4 rats
853 creatures vanquished.

Vanquished Creatures (others)
  A water moccasin (Lair:5)
  A bush (Lair:4)
  40 fungi
  59 plants
101 creatures vanquished.

Grand Total: 954 creatures vanquished

Notes
Turn   | Place    | Note
-------+----------+-------------------------------------------
     0 | D:1      | qw the Troll Cinder Acolyte began the quest for the Orb.
     0 | D:1      | Reached XP level 1. HP: 22/22 MP: 1/1
     0 | D:1      | 0 ||| qw: Version: 0.1-a-97-g2dd2ca4
     0 | D:1      | 0 ||| qw: Game counter: 4639
     0 | D:1      | 0 ||| qw: Always use a shield: true
     0 | D:1      | 0 ||| qw: God list: Okawaru
     0 | D:1      | 0 ||| qw: Allow faded altars: false
     0 | D:1      | 0 ||| qw: Do Orc after D:15 true
     0 | D:1      | 0 ||| qw: Do second Lair branch before Depths: true
     0 | D:1      | 0 ||| qw: Lair rune preference: random
     0 | D:1      | 0 ||| qw: Plans: Normal
     0 | D:1      | 0 ||| PLANNING D:1-11
    83 | D:1      | Found a faded altar of an unknown god.
   104 | D:1      | 104 ||| Stepping ~*~*~tactically~*~*~ (hiding).
   105 | D:1      | 105 ||| Stepping ~*~*~tactically~*~*~ (hiding).
   117 | D:1      | Reached XP level 2. HP: 26/29 MP: 2/2
   260 | D:1      | 260 ||| Stepping ~*~*~tactically~*~*~ (outnumbered).
   281 | D:1      | Reached skill level 4 in Unarmed Combat
   344 | D:1      | 344 ||| Stepping ~*~*~tactically~*~*~ (hiding).
   352 | D:1      | Reached XP level 3. HP: 36/36 MP: 3/3
   595 | D:1      | 595 ||| INVOKING Fiery Armour.
   616 | D:1      | 616 ||| Stepping ~*~*~tactically~*~*~ (stealth).
   675 | D:1      | 675 ||| Stepping ~*~*~tactically~*~*~ (hiding).
   897 | D:1      | 897 ||| UPGRADING to +0 cloak.
   902 | D:1      | 902 ||| READING scroll labelled JOBLITULUE.
   903 | D:1      | 903 ||| READING 2 scrolls labelled TABLIDW JACAKOJ.
   904 | D:1      | 904 ||| READING scroll labelled SORE FENWOYCA.
   905 | D:1      | 905 ||| DRINKING 4 bubbling puce potions.
   906 | D:1      | 906 ||| DROPPING scroll of amnesia.
  1072 | D:2      | Reached skill level 5 in Unarmed Combat
  1072 | D:2      | Reached XP level 4. HP: 44/44 MP: 4/4
  1080 | D:2      | 1080 ||| Stepping ~*~*~tactically~*~*~ (stealth).
  1084 | D:2      | 1084 ||| INVOKING Fiery Armour.
  1109 | D:2      | Found the +1 Delatra's gloves {ID++}
  1112 | D:2      | 1112 ||| Stepping ~*~*~tactically~*~*~ (stealth).
  1238 | D:2      | Found a blossoming altar of Fedhas.
  1241 | D:2      | 1241 ||| Stepping ~*~*~tactically~*~*~ (outnumbered).
  1264 | D:2      | 1264 ||| INVOKING Fiery Armour.
  1275 | D:2      | Reached XP level 5. HP: 48/50 MP: 5/5
  1511 | D:2      | 1511 ||| UPGRADING to +2 kite shield.
  1516 | D:2      | 1516 ||| READING scroll labelled AMUURETAOCW.
  1517 | D:2      | 1517 ||| READING 2 scrolls labelled PYINEUQ ZOQ.
  1518 | D:2      | 1518 ||| READING scroll labelled VAODOGHEURPH.
  1519 | D:2      | 1519 ||| READING scroll labelled DINLACVE WITIH.
  1520 | D:2      | 1520 ||| READING scroll labelled TANATT UQEISEBU.
  1521 | D:2      | 1521 ||| DROPPING scroll of poison.
  1522 | D:2      | 1522 ||| Stepping randomly (stuck).
  1523 | D:2      | 1523 ||| Stepping ~*~*~tactically~*~*~ (cloud).
  1563 | D:3      | 1563 ||| STAIRDANCE
  1725 | D:3      | Reached skill level 1 in Shields
  1729 | D:3      | Found a blossoming altar of Fedhas.
  1733 | D:3      | 1733 ||| Stepping ~*~*~tactically~*~*~ (stealth).
  1746 | D:3      | Found a glowing golden altar of the Shining One.
  1885 | D:3      | Noticed Terence
  1892 | D:3      | Killed Terence
  1949 | D:3      | Found a sparkling altar of Nemelex Xobeh.
  1994 | D:3      | 1994 ||| Stepping ~*~*~tactically~*~*~ (stealth).
  2009 | D:3      | Found an ancient bone altar of Kikubaaqudgha.
  2049 | D:3      | 2049 ||| Stepping ~*~*~tactically~*~*~ (hiding).
  2051 | D:3      | 2051 ||| INVOKING Fiery Armour.
  2569 | D:3      | 2569 ||| UPGRADING to +2 hat.
  2574 | D:3      | 2574 ||| READING scroll labelled HONEAH RUSADGH.
  2579 | D:3      | 2579 ||| DRINKING 2 emerald potions.
  2580 | D:3      | 2580 ||| READING 2 scrolls of identify.
  2580 | D:3      | 2580 ||| IDENTIFYING fuming white potion
  2648 | D:4      | 2648 ||| Stepping ~*~*~tactically~*~*~ (stealth).
  2650 | D:4      | 2650 ||| Stepping ~*~*~tactically~*~*~ (hiding).
  2655 | D:4      | Reached XP level 6. HP: 59/59 MP: 6/6
  2658 | D:4      | 2658 ||| Stepping ~*~*~tactically~*~*~ (stealth).
  2666 | D:4      | 2666 ||| Stepping ~*~*~tactically~*~*~ (stealth).
  2669 | D:4      | 2669 ||| Stepping ~*~*~tactically~*~*~ (stealth).
  2679 | D:4      | 2679 ||| Stepping ~*~*~tactically~*~*~ (stealth).
  2690 | D:4      | 2690 ||| Stepping ~*~*~tactically~*~*~ (stealth).
  2692 | D:4      | 2692 ||| INVOKING Fiery Armour.
  2695 | D:4      | Reached skill level 3 in Shields
  2697 | D:4      | 2697 ||| Stepping ~*~*~tactically~*~*~ (outnumbered).
  2842 | D:4      | 2842 ||| Stepping ~*~*~tactically~*~*~ (outnumbered).
  2909 | D:4      | Found a staircase to the Ecumenical Temple.
  2939 | D:4      | Reached skill level 6 in Unarmed Combat
  2959 | D:4      | 2959 ||| Stepping ~*~*~tactically~*~*~ (stealth).
  3100 | D:4      | 3100 ||| Stepping ~*~*~tactically~*~*~ (stealth).
  3363 | D:4      | 3363 ||| Stepping ~*~*~tactically~*~*~ (hiding).
  3395 | D:4      | Reached skill level 1 in Throwing
  3402 | D:4      | Reached XP level 7. HP: 66/66 MP: 7/7
  3669 | D:4      | 3669 ||| UPGRADING to ring of poison resistance.
  3670 | D:4      | 3670 ||| READING 3 scrolls of identify.
  3670 | D:4      | 3670 ||| IDENTIFYING bubbling orange potion
  3671 | D:4      | 3671 ||| READING 2 scrolls of identify.
  3671 | D:4      | 3671 ||| IDENTIFYING viscous grey potion
  3672 | D:4      | 3672 ||| DROPPING potion of attraction.
  3673 | D:4      | 3673 ||| DROPPING potion of degeneration.
  3694 | D:5      | Entered Level 5 of the Dungeon
  3854 | D:5      | Reached skill level 7 in Unarmed Combat
  3870 | D:5      | 3870 ||| Stepping ~*~*~tactically~*~*~ (outnumbered).
  3872 | D:5      | Reached XP level 8. HP: 74/74 MP: 8/8
  3906 | D:5      | Noticed Ijyb
  3914 | D:5      | Killed Ijyb
  4032 | D:5      | Reached skill level 6 in Shields
  4467 | D:5      | 4467 ||| UPGRADING to +6 ring of strength.
  4468 | D:5      | 4468 ||| READING 2 scrolls of identify.
  4468 | D:5      | 4468 ||| IDENTIFYING purple potion
  4505 | D:6      | 4505 ||| Stepping ~*~*~tactically~*~*~ (hiding).
  4507 | D:6      | 4507 ||| Stepping ~*~*~tactically~*~*~ (stealth).
  4516 | D:6      | 4516 ||| INVOKING Fiery Armour.
  4520 | D:6      | Reached skill level 8 in Unarmed Combat
  4520 | D:6      | 4520 ||| FLEEEEING.
  4521 | D:6      | 4521 ||| STAIRDANCE
  4566 | D:6      | Reached skill level 3 in Fighting
  4577 | D:6      | Identified the +1 robe of Osoimn {Fly rElec Dex-2 Archmagi}
  4602 | D:6      | Reached skill level 3 in Throwing
  4613 | D:6      | Found a transporter.
  4615 | D:6      | Noticed a queen bee
  4617 | D:6      | Found a transporter.
  4617 | D:6      | Noticed a hornet
  4619 | D:6      | Noticed qw's ghost (novice TrCA)
  4655 | D:6      | 4655 ||| Stepping ~*~*~tactically~*~*~ (stealth).
  4883 | D:6      | Noticed Grinder
  4886 | D:6      | 4886 ||| Stepping ~*~*~tactically~*~*~ (hiding).
  4900 | D:6      | Killed Grinder
  4989 | D:6      | Reached skill level 9 in Unarmed Combat
  4989 | D:6      | Reached XP level 9. HP: 81/81 MP: 9/9
  4996 | D:6      | 4996 ||| Stepping ~*~*~tactically~*~*~ (hiding).
  5130 | D:6      | 5130 ||| INVOKING Fiery Armour.
  5148 | D:6      | Found an iron altar of Okawaru.
  5231 | D:6      | 5231 ||| UPGRADING to +1 robe of Osoimn {Fly rElec Dex-2
                  | Archmagi}.
  5241 | D:6      | 5241 ||| DROPPING +0 robe.
  5353 | D:7      | 5353 ||| INVOKING Fiery Armour.
  5358 | D:7      | 5358 ||| Stepping ~*~*~tactically~*~*~ (outnumbered).
  5485 | D:7      | Found a white marble altar of Elyvilon.
  5521 | D:7      | 5521 ||| INVOKING Fiery Armour.
  5611 | D:7      | 5611 ||| Stepping ~*~*~tactically~*~*~ (stealth).
  5696 | D:7      | 5696 ||| Stepping ~*~*~tactically~*~*~ (hiding).
  5697 | D:7      | 5697 ||| Stepping ~*~*~tactically~*~*~ (hiding).
  5701 | D:7      | 5701 ||| Stepping ~*~*~tactically~*~*~ (hiding).
  5748 | D:7      | 5748 ||| Stepping ~*~*~tactically~*~*~ (hiding).
  5749 | D:7      | 5749 ||| Stepping ~*~*~tactically~*~*~ (hiding).
  6211 | D:7      | Reached skill level 10 in Unarmed Combat
  6259 | D:7      | 6259 ||| READING 2 scrolls of identify.
  6259 | D:7      | 6259 ||| IDENTIFYING fuming purple potion
  6260 | D:7      | 6260 ||| DROPPING potion of brilliance.
  6340 | D:8      | Noticed Joseph
  6341 | D:8      | 6341 ||| Stepping ~*~*~tactically~*~*~ (hiding).
  6362 | D:8      | Killed Joseph
  6396 | D:8      | 6396 ||| INVOKING Fiery Armour.
  6397 | D:8      | 6397 ||| Stepping ~*~*~tactically~*~*~ (outnumbered).
  6429 | D:8      | Killed an unseen horror
  6471 | D:8      | Found a snail-covered altar of Cheibriados.
  6485 | D:8      | 6485 ||| FLEEEEING.
  6490 | D:8      | 6490 ||| STAIRDANCE
  6505 | D:7      | 6505 ||| READING 2 scrolls of identify.
  6505 | D:7      | 6505 ||| IDENTIFYING golden potion
  6506 | D:7      | 6506 ||| DROPPING potion of lignification.
  6509 | D:8      | 6509 ||| Stepping ~*~*~tactically~*~*~ (hiding).
  6525 | D:8      | 6525 ||| Stepping ~*~*~tactically~*~*~ (stealth).
  6533 | D:8      | 6533 ||| Stepping ~*~*~tactically~*~*~ (hiding).
  6536 | D:8      | 6536 ||| Stepping ~*~*~tactically~*~*~ (hiding).
  6540 | D:8      | 6540 ||| DRINKING 4 potions of curing.
  6540 | D:8      | 6540 ||| (to cure confusion)
  6543 | D:8      | 6543 ||| Stepping ~*~*~tactically~*~*~ (hiding).
  6558 | D:8      | Reached XP level 10. HP: 69/94 MP: 10/10
  6588 | D:8      | Noticed a manticore
  6589 | D:8      | 6589 ||| Stepping ~*~*~tactically~*~*~ (stealth).
  6590 | D:8      | 6590 ||| Stepping ~*~*~tactically~*~*~ (stealth).
  6598 | D:8      | 6598 ||| INVOKING Fiery Armour.
  6599 | D:8      | HP: 18/94 [manticore (9)]
  6600 | D:8      | 6600 ||| READING 4 scrolls of teleportation.
  6601 | D:8      | 6601 ||| DRINKING 4 potions of heal wounds.
  6602 | D:8      | Killed a manticore
  6708 | D:8      | Found Huaxuf's Demolitions Depot.
  6797 | D:8      | 6797 ||| Stepping ~*~*~tactically~*~*~ (stealth).
  6808 | D:8      | 6808 ||| Stepping ~*~*~tactically~*~*~ (outnumbered).
  6809 | D:8      | 6809 ||| INVOKING Fiery Armour.
  6810 | D:8      | 6810 ||| Stepping ~*~*~tactically~*~*~ (outnumbered).
  6812 | D:8      | 6812 ||| Stepping ~*~*~tactically~*~*~ (outnumbered).
  6815 | D:8      | Reached skill level 11 in Unarmed Combat
  6815 | D:8      | 6815 ||| Stepping ~*~*~tactically~*~*~ (outnumbered).
  6816 | D:8      | 6816 ||| Stepping ~*~*~tactically~*~*~ (outnumbered).
  6822 | D:8      | 6822 ||| Stepping ~*~*~tactically~*~*~ (outnumbered).
  6823 | D:8      | 6823 ||| Stepping ~*~*~tactically~*~*~ (outnumbered).
  6824 | D:8      | 6824 ||| Stepping ~*~*~tactically~*~*~ (hiding).
  6831 | D:8      | 6831 ||| Stepping ~*~*~tactically~*~*~ (outnumbered).
  6834 | D:8      | 6834 ||| Stepping ~*~*~tactically~*~*~ (outnumbered).
  6967 | D:8      | Noticed a two-headed ogre
  6973 | D:8      | Killed a two-headed ogre
  6999 | D:8      | Found a staircase to the Lair.
  7055 | D:8      | 7055 ||| Stepping ~*~*~tactically~*~*~ (stealth).
  7278 | D:8      | 7278 ||| PLANNING LAIR
  7278 | D:8      | 7278 ||| UPGRADING to +0 acid dragon scales.
  7288 | D:8      | 7288 ||| UPGRADING to scarf of repulsion.
  7298 | D:8      | 7298 ||| READING scroll labelled VIYREB RUCIU.
  7371 | Lair:1   | Entered Level 1 of the Lair of Beasts
  7371 | Lair:1   | Noticed an elephant
  7371 | Lair:1   | Noticed an elephant
  7371 | Lair:1   | Noticed an elephant
  7371 | Lair:1   | Noticed an elephant
  7371 | Lair:1   | Noticed an elephant
  7371 | Lair:1   | Noticed an elephant
  7372 | Lair:1   | 7372 ||| INVOKING Fiery Armour.
  7373 | Lair:1   | 7373 ||| Stepping ~*~*~tactically~*~*~ (outnumbered).
  7374 | Lair:1   | 7374 ||| Stepping ~*~*~tactically~*~*~ (outnumbered).
  7375 | Lair:1   | 7375 ||| Stepping ~*~*~tactically~*~*~ (outnumbered).
  7376 | Lair:1   | 7376 ||| Stepping ~*~*~tactically~*~*~ (outnumbered).
  7377 | Lair:1   | 7377 ||| Stepping ~*~*~tactically~*~*~ (outnumbered).
  7378 | Lair:1   | 7378 ||| Stepping ~*~*~tactically~*~*~ (outnumbered).
  7384 | Lair:1   | Killed an elephant
  7393 | Lair:1   | Killed an elephant
  7394 | Lair:1   | Reached skill level 1 in Dodging
  7398 | Lair:1   | Killed an elephant
  7399 | Lair:1   | Reached skill level 9 in Shields
  7400 | Lair:1   | Killed an elephant
  7406 | Lair:1   | Killed an elephant
  7410 | Lair:1   | Killed an elephant
  7427 | Lair:1   | 7427 ||| Stepping ~*~*~tactically~*~*~ (stealth).
  7432 | Lair:1   | 7432 ||| Stepping ~*~*~tactically~*~*~ (stealth).
  7434 | Lair:1   | 7434 ||| Stepping ~*~*~tactically~*~*~ (stealth).
  7436 | Lair:1   | 7436 ||| Stepping ~*~*~tactically~*~*~ (stealth).
  7438 | Lair:1   | 7438 ||| Stepping ~*~*~tactically~*~*~ (stealth).
  7446 | Lair:1   | 7446 ||| Stepping ~*~*~tactically~*~*~ (outnumbered).
  7447 | Lair:1   | 7447 ||| Stepping ~*~*~tactically~*~*~ (outnumbered).
  7448 | Lair:1   | 7448 ||| Stepping ~*~*~tactically~*~*~ (outnumbered).
  7454 | Lair:1   | 7454 ||| Stepping ~*~*~tactically~*~*~ (outnumbered).
  7456 | Lair:1   | Reached skill level 12 in Unarmed Combat
  7456 | Lair:1   | Reached XP level 11. HP: 85/101 MP: 11/11
  7512 | Lair:1   | 7512 ||| PLANNING CONVERSION TO OKAWARU
  7658 | D:6      | Fell from the grace of Ignis
  7658 | D:6      | Became a worshipper of Warmaster Okawaru
  7659 | D:6      | 7659 ||| PLANNING LAIR
  7923 | Lair:1   | Noticed Nergalle
  7932 | Lair:1   | 7932 ||| Stepping ~*~*~tactically~*~*~ (outnumbered).
  7935 | Lair:1   | 7935 ||| Stepping ~*~*~tactically~*~*~ (outnumbered).
  7936 | Lair:1   | 7936 ||| Stepping ~*~*~tactically~*~*~ (outnumbered).
  7937 | Lair:1   | 7937 ||| Stepping ~*~*~tactically~*~*~ (outnumbered).
  7938 | Lair:1   | 7938 ||| Stepping ~*~*~tactically~*~*~ (outnumbered).
  7939 | Lair:1   | 7939 ||| Stepping ~*~*~tactically~*~*~ (outnumbered).
  7942 | Lair:1   | 7942 ||| Stepping ~*~*~tactically~*~*~ (outnumbered).
  7943 | Lair:1   | 7943 ||| Stepping ~*~*~tactically~*~*~ (outnumbered).
  7944 | Lair:1   | 7944 ||| Stepping ~*~*~tactically~*~*~ (outnumbered).
  7947 | Lair:1   | Killed Nergalle
  8078 | Lair:1   | 8078 ||| Stepping ~*~*~tactically~*~*~ (outnumbered).
  8079 | Lair:1   | 8079 ||| Stepping ~*~*~tactically~*~*~ (outnumbered).
  8080 | Lair:1   | 8080 ||| Stepping ~*~*~tactically~*~*~ (outnumbered).
  8083 | Lair:1   | 8083 ||| Stepping ~*~*~tactically~*~*~ (outnumbered).
  8084 | Lair:1   | 8084 ||| Stepping ~*~*~tactically~*~*~ (outnumbered).
  8089 | Lair:1   | Reached * piety under Okawaru
  8090 | Lair:1   | 8090 ||| INVOKING Heroism.
  8091 | Lair:1   | 8091 ||| INVOKING Heroism.
  8097 | Lair:1   | Reached skill level 1 in Invocations
  8146 | Lair:1   | 8146 ||| Stepping ~*~*~tactically~*~*~ (stealth).
  8183 | Lair:1   | 8183 ||| INVOKING Heroism.
  8245 | Lair:1   | 8245 ||| INVOKING Heroism.
  8322 | Lair:1   | 8322 ||| DRINKING 4 potions of curing.
  8322 | Lair:1   | 8322 ||| (to cure confusion)
  8328 | Lair:1   | 8328 ||| INVOKING Heroism.
  8419 | Lair:1   | 8419 ||| INVOKING Heroism.
  8420 | Lair:1   | 8420 ||| INVOKING Heroism.
  8422 | Lair:1   | 8422 ||| Stepping ~*~*~tactically~*~*~ (outnumbered).
  8431 | Lair:1   | 8431 ||| Stepping ~*~*~tactically~*~*~ (outnumbered).
  8432 | Lair:1   | 8432 ||| Stepping ~*~*~tactically~*~*~ (outnumbered).
  8436 | Lair:1   | 8436 ||| INVOKING Heroism.
  8438 | Lair:1   | 8438 ||| Stepping ~*~*~tactically~*~*~ (outnumbered).
  8442 | Lair:1   | 8442 ||| Stepping ~*~*~tactically~*~*~ (outnumbered).
  8451 | Lair:1   | Reached ** piety under Okawaru
  8456 | Lair:1   | Reached skill level 3 in Invocations
  8459 | Lair:1   | 8459 ||| INVOKING Heroism.
  8554 | Lair:1   | You fall into a shaft and drop 1 floor!
  8565 | Lair:2   | 8565 ||| READING 2 scrolls of identify.
  8565 | Lair:2   | 8565 ||| IDENTIFYING ruby potion
  8574 | Lair:2   | Found the amulet of Vitality {RegenMP++ Regen++}
  8581 | Lair:2   | Reached skill level 13 in Unarmed Combat
  8586 | Lair:2   | 8586 ||| INVOKING Heroism.
  8750 | Lair:1   | 8750 ||| DRINKING 3 potions of curing.
  8750 | Lair:1   | 8750 ||| (to cure confusion)
  8758 | Lair:1   | 8758 ||| INVOKING Heroism.
  8942 | Lair:2   | Found a hole to the Spider Nest.
  8959 | Lair:2   | Found a runed translucent door.
  8960 | Lair:2   | Noticed qw's ghost (journeyman TrCA)
  9015 | Lair:2   | Noticed Fannar
  9017 | Lair:2   | 9017 ||| INVOKING Heroism.
  9025 | Lair:2   | 9025 ||| Stepping ~*~*~tactically~*~*~ (outnumbered).
  9026 | Lair:2   | 9026 ||| Stepping ~*~*~tactically~*~*~ (outnumbered).
  9027 | Lair:2   | 9027 ||| Stepping ~*~*~tactically~*~*~ (outnumbered).
  9029 | Lair:2   | 9029 ||| Stepping ~*~*~tactically~*~*~ (outnumbered).
  9030 | Lair:2   | 9030 ||| Stepping ~*~*~tactically~*~*~ (outnumbered).
  9031 | Lair:2   | 9031 ||| Stepping ~*~*~tactically~*~*~ (outnumbered).
  9032 | Lair:2   | 9032 ||| Stepping ~*~*~tactically~*~*~ (outnumbered).
  9034 | Lair:2   | 9034 ||| Stepping ~*~*~tactically~*~*~ (outnumbered).
  9037 | Lair:2   | 9037 ||| INVOKING Heroism.
  9039 | Lair:2   | 9039 ||| Stepping ~*~*~tactically~*~*~ (outnumbered).
  9040 | Lair:2   | 9040 ||| Stepping ~*~*~tactically~*~*~ (outnumbered).
  9046 | Lair:2   | Reached *** piety under Okawaru
  9049 | Lair:2   | 9049 ||| Stepping ~*~*~tactically~*~*~ (outnumbered).
  9050 | Lair:2   | 9050 ||| Stepping ~*~*~tactically~*~*~ (outnumbered).
  9051 | Lair:2   | 9051 ||| Stepping ~*~*~tactically~*~*~ (outnumbered).
  9051 | Lair:2   | HP: 25/102 [ice beast[Fannar] (4)]
  9052 | Lair:2   | 9052 ||| READING 3 scrolls of teleportation.
  9053 | Lair:2   | 9053 ||| DRINKING 4 potions of heal wounds.
  9054 | Lair:2   | 9054 ||| Stepping ~*~*~tactically~*~*~ (outnumbered).
  9097 | Lair:2   | 9097 ||| INVOKING Heroism.
  9101 | Lair:2   | Reached XP level 12. HP: 96/111 MP: 11/14
  9123 | Lair:2   | You fall into a shaft and drop 2 floors!
  9124 | Lair:4   | 9124 ||| Stepping ~*~*~tactically~*~*~ (outnumbered).
  9128 | Lair:4   | 9128 ||| Stepping ~*~*~tactically~*~*~ (outnumbered).
  9129 | Lair:4   | 9129 ||| Stepping ~*~*~tactically~*~*~ (outnumbered).
  9130 | Lair:4   | 9130 ||| Stepping ~*~*~tactically~*~*~ (outnumbered).
  9153 | Lair:4   | 9153 ||| UPGRADING to amulet of Vitality {RegenMP++
                  | Regen++}.
  9158 | Lair:4   | 9158 ||| READING scroll labelled MECSECHUPS.
  9159 | Lair:4   | 9159 ||| READING scroll labelled TIKAJUILEA.
  9193 | Lair:3   | 9193 ||| Stepping ~*~*~tactically~*~*~ (outnumbered).
  9200 | Lair:3   | Reached skill level 14 in Unarmed Combat
  9229 | Lair:3   | 9229 ||| INVOKING Heroism.
  9260 | Lair:2   | Reached **** piety under Okawaru
  9268 | Lair:2   | 9268 ||| Stepping ~*~*~tactically~*~*~ (stealth).
  9269 | Lair:2   | 9269 ||| Stepping ~*~*~tactically~*~*~ (stealth).
  9270 | Lair:2   | 9270 ||| Stepping ~*~*~tactically~*~*~ (stealth).
  9271 | Lair:2   | 9271 ||| Stepping ~*~*~tactically~*~*~ (stealth).
  9272 | Lair:2   | 9272 ||| Stepping ~*~*~tactically~*~*~ (stealth).
  9273 | Lair:2   | 9273 ||| Stepping ~*~*~tactically~*~*~ (stealth).
  9274 | Lair:2   | 9274 ||| DRINKING 2 potions of curing.
  9274 | Lair:2   | 9274 ||| (to cure confusion)
  9275 | Lair:2   | 9275 ||| INVOKING Heroism.
  9288 | Lair:2   | Killed Fannar
  9288 | Lair:2   | Received a gift from Okawaru
  9331 | Lair:2   | 9331 ||| INVOKING Heroism.
  9333 | Lair:2   | 9333 ||| Stepping ~*~*~tactically~*~*~ (stealth).
  9335 | Lair:2   | 9335 ||| Stepping ~*~*~tactically~*~*~ (hiding).
  9354 | Lair:2   | Reached skill level 6 in Fighting
  9355 | Lair:2   | 9355 ||| Stepping ~*~*~tactically~*~*~ (stealth).
  9357 | Lair:2   | 9357 ||| Stepping ~*~*~tactically~*~*~ (hiding).
  9435 | Lair:2   | 9435 ||| Stepping ~*~*~tactically~*~*~ (stealth).
  9436 | Lair:2   | 9436 ||| Stepping ~*~*~tactically~*~*~ (stealth).
  9437 | Lair:2   | 9437 ||| Stepping ~*~*~tactically~*~*~ (stealth).
  9442 | Lair:2   | 9442 ||| INVOKING Heroism.
  9534 | Lair:2   | 9534 ||| Stepping ~*~*~tactically~*~*~ (stealth).
  9536 | Lair:2   | 9536 ||| INVOKING Heroism.
  9538 | Lair:2   | 9538 ||| Stepping ~*~*~tactically~*~*~ (stealth).
  9540 | Lair:2   | 9540 ||| Stepping ~*~*~tactically~*~*~ (stealth).
  9541 | Lair:2   | 9541 ||| Stepping ~*~*~tactically~*~*~ (stealth).
  9679 | Lair:2   | 9679 ||| Stepping ~*~*~tactically~*~*~ (hiding).
  9681 | Lair:2   | 9681 ||| Stepping ~*~*~tactically~*~*~ (hiding).
  9794 | Lair:2   | You fall into a shaft and drop 1 floor!
  9823 | Lair:3   | 9823 ||| READING 3 scrolls of identify.
  9823 | Lair:3   | 9823 ||| IDENTIFYING metallic silvery potion
  9824 | Lair:3   | 9824 ||| READING 2 scrolls of identify.
  9824 | Lair:3   | 9824 ||| IDENTIFYING fizzy blue potion
  9825 | Lair:3   | 9825 ||| INVOKING Heroism.
  9834 | Lair:3   | 9834 ||| DROPPING potion of flight.
 10010 | Lair:2   | You fall into a shaft and drop 2 floors!
 10020 | Lair:4   | Noticed a five-headed hydra
 10022 | Lair:4   | 10022 ||| INVOKING Heroism.
 10027 | Lair:4   | Killed a nine-headed hydra
 10060 | Lair:4   | 10060 ||| Stepping ~*~*~tactically~*~*~ (stealth).
 10064 | Lair:4   | 10064 ||| Stepping ~*~*~tactically~*~*~ (stealth).
 10066 | Lair:4   | 10066 ||| Stepping ~*~*~tactically~*~*~ (stealth).
 10067 | Lair:4   | 10067 ||| INVOKING Heroism.
 10068 | Lair:4   | 10068 ||| Stepping ~*~*~tactically~*~*~ (stealth).
 10079 | Lair:4   | Reached skill level 6 in Throwing
 10084 | Lair:4   | 10084 ||| Stepping ~*~*~tactically~*~*~ (outnumbered).
 10085 | Lair:4   | 10085 ||| Stepping ~*~*~tactically~*~*~ (outnumbered).
 10086 | Lair:4   | 10086 ||| STAIRDANCE
 10091 | Lair:3   | Was forgiven by Ignis
 10092 | Lair:3   | 10092 ||| Stepping ~*~*~tactically~*~*~ (outnumbered).
 10259 | Lair:2   | 10259 ||| READING 3 scrolls of teleportation.
 10325 | Lair:3   | Found a staircase to the Shoals.
 10442 | Lair:3   | Reached skill level 6 in Invocations
 10443 | Lair:3   | 10443 ||| INVOKING Heroism.
 10546 | Lair:3   | 10546 ||| READING scroll of enchant armour.
 10546 | Lair:3   | 10546 ||| ENCHANTING +0 acid dragon scales.
 10653 | Lair:3   | 10653 ||| INVOKING Heroism.
 11057 | Lair:3   | 11057 ||| READING scroll labelled DUOSEUR ULOEFA.
 11158 | Lair:3   | 11158 ||| READING 2 scrolls of identify.
 11158 | Lair:3   | 11158 ||| IDENTIFYING orange potion
 11175 | Lair:4   | 11175 ||| STAIRDANCE
 11190 | Lair:4   | 11190 ||| INVOKING Heroism.
 11194 | Lair:4   | 11194 ||| Stepping ~*~*~tactically~*~*~ (outnumbered).
 11195 | Lair:4   | 11195 ||| Stepping ~*~*~tactically~*~*~ (outnumbered).
 11198 | Lair:4   | 11198 ||| Stepping ~*~*~tactically~*~*~ (outnumbered).
 11199 | Lair:4   | 11199 ||| Stepping ~*~*~tactically~*~*~ (outnumbered).
 11200 | Lair:4   | 11200 ||| Stepping ~*~*~tactically~*~*~ (outnumbered).
 11208 | Lair:4   | 11208 ||| Stepping ~*~*~tactically~*~*~ (stealth).
 11210 | Lair:4   | 11210 ||| Stepping ~*~*~tactically~*~*~ (stealth).
 11212 | Lair:4   | 11212 ||| Stepping ~*~*~tactically~*~*~ (stealth).
 11221 | Lair:4   | Found a viscous altar of Jiyva.
 11222 | Lair:4   | Found a staircase to the Slime Pits.
 11224 | Lair:4   | Received a gift from Okawaru
 11241 | Lair:4   | 11241 ||| Stepping ~*~*~tactically~*~*~ (stealth).
 11242 | Lair:4   | 11242 ||| INVOKING Heroism.
 11258 | Lair:4   | 11258 ||| Stepping ~*~*~tactically~*~*~ (stealth).
 11259 | Lair:4   | 11259 ||| Stepping ~*~*~tactically~*~*~ (stealth).
 11261 | Lair:4   | Noticed Kirke
 11262 | Lair:4   | 11262 ||| Stepping ~*~*~tactically~*~*~ (stealth).
 11271 | Lair:4   | 11271 ||| INVOKING Heroism.
 11272 | Lair:4   | 11272 ||| DRINKING potion of cancellation.
 11276 | Lair:4   | 11276 ||| Stepping ~*~*~tactically~*~*~ (outnumbered).
 11281 | Lair:4   | 11281 ||| Stepping ~*~*~tactically~*~*~ (stealth).
 11283 | Lair:4   | 11283 ||| Stepping ~*~*~tactically~*~*~ (stealth).
 11284 | Lair:4   | 11284 ||| Stepping ~*~*~tactically~*~*~ (stealth).
 11287 | Lair:4   | 11287 ||| Stepping ~*~*~tactically~*~*~ (outnumbered).
 11288 | Lair:4   | 11288 ||| Stepping ~*~*~tactically~*~*~ (outnumbered).
 11289 | Lair:4   | 11289 ||| Stepping ~*~*~tactically~*~*~ (outnumbered).
 11297 | Lair:4   | 11297 ||| Stepping ~*~*~tactically~*~*~ (stealth).
 11304 | Lair:4   | Killed Kirke
 11304 | Lair:4   | Received a gift from Okawaru
 11367 | Lair:4   | Identified the +0 robe of Paranoia {Slay+2}
 11374 | Lair:4   | 11374 ||| INVOKING Heroism.
 11410 | Lair:4   | 11410 ||| INVOKING Heroism.
 11419 | Lair:4   | Reached XP level 13. HP: 114/120 MP: 17/17
 11429 | Lair:4   | 11429 ||| Stepping ~*~*~tactically~*~*~ (stealth).
 11514 | Lair:4   | Received a gift from Okawaru
 11619 | Lair:4   | 11619 ||| INVOKING Heroism.
 11937 | Lair:4   | 11937 ||| DROPPING +0 robe of Paranoia {Slay+2}.
 11938 | Lair:4   | 11938 ||| READING 2 scrolls of identify.
 11938 | Lair:4   | 11938 ||| IDENTIFYING yellow potion
 11939 | Lair:4   | 11939 ||| DROPPING potion of invisibility.
 11991 | Lair:5   | Entered Level 5 of the Lair of Beasts
 11994 | Lair:5   | 11994 ||| STAIRDANCE
 12005 | Lair:5   | Reached skill level 15 in Unarmed Combat
 12053 | Lair:5   | 12053 ||| INVOKING Heroism.
 12054 | Lair:5   | 12054 ||| Stepping ~*~*~tactically~*~*~ (stealth).
 12108 | Lair:5   | 12108 ||| Stepping ~*~*~tactically~*~*~ (stealth).
 12109 | Lair:5   | 12109 ||| Stepping ~*~*~tactically~*~*~ (hiding).
 12115 | Lair:5   | 12115 ||| INVOKING Heroism.
 12124 | Lair:5   | Reached ***** piety under Okawaru
 12135 | Lair:5   | 12135 ||| Stepping ~*~*~tactically~*~*~ (stealth).
 12137 | Lair:5   | 12137 ||| Stepping ~*~*~tactically~*~*~ (stealth).
 12142 | Lair:5   | 12142 ||| INVOKING Finesse.
 12163 | Lair:5   | 12163 ||| INVOKING Heroism.
 12203 | Lair:5   | 12203 ||| INVOKING Heroism.
 12206 | Lair:5   | 12206 ||| INVOKING Finesse.
 12207 | Lair:5   | 12207 ||| Stepping ~*~*~tactically~*~*~ (cloud).
 12208 | Lair:5   | 12208 ||| Stepping ~*~*~tactically~*~*~ (cloud).
 12233 | Lair:5   | 12233 ||| Stepping ~*~*~tactically~*~*~ (hiding).
 12335 | Lair:5   | 12335 ||| Stepping ~*~*~tactically~*~*~ (hiding).
 12337 | Lair:5   | 12337 ||| INVOKING Heroism.
 12342 | Lair:5   | 12342 ||| INVOKING Finesse.
 12450 | Lair:5   | 12450 ||| INVOKING Heroism.
 12455 | Lair:5   | Reached skill level 9 in Invocations
 12472 | Lair:5   | 12472 ||| INVOKING Finesse.
 12482 | Lair:5   | 12482 ||| INVOKING Heroism.
 12484 | Lair:5   | 12484 ||| Stepping ~*~*~tactically~*~*~ (outnumbered).
 12485 | Lair:5   | 12485 ||| Stepping ~*~*~tactically~*~*~ (outnumbered).
 12486 | Lair:5   | 12486 ||| Stepping ~*~*~tactically~*~*~ (outnumbered).
 12487 | Lair:5   | 12487 ||| Stepping ~*~*~tactically~*~*~ (outnumbered).
 12488 | Lair:5   | 12488 ||| Stepping ~*~*~tactically~*~*~ (outnumbered).
 12489 | Lair:5   | 12489 ||| Stepping ~*~*~tactically~*~*~ (outnumbered).
 12490 | Lair:5   | 12490 ||| Stepping ~*~*~tactically~*~*~ (outnumbered).
 12491 | Lair:5   | 12491 ||| Stepping ~*~*~tactically~*~*~ (outnumbered).
 12492 | Lair:5   | 12492 ||| Stepping ~*~*~tactically~*~*~ (outnumbered).
 12495 | Lair:5   | 12495 ||| Stepping ~*~*~tactically~*~*~ (outnumbered).
 12496 | Lair:5   | 12496 ||| Stepping ~*~*~tactically~*~*~ (outnumbered).
 12497 | Lair:5   | 12497 ||| Stepping ~*~*~tactically~*~*~ (outnumbered).
 12498 | Lair:5   | 12498 ||| Stepping ~*~*~tactically~*~*~ (outnumbered).
 12499 | Lair:5   | 12499 ||| Stepping ~*~*~tactically~*~*~ (outnumbered).
 12500 | Lair:5   | 12500 ||| Stepping ~*~*~tactically~*~*~ (outnumbered).
 12501 | Lair:5   | 12501 ||| Stepping ~*~*~tactically~*~*~ (outnumbered).
 12502 | Lair:5   | 12502 ||| Stepping ~*~*~tactically~*~*~ (outnumbered).
 12503 | Lair:5   | 12503 ||| STAIRDANCE
 12511 | Lair:5   | 12511 ||| STAIRDANCE
 12513 | Lair:4   | 12513 ||| Stepping ~*~*~tactically~*~*~ (outnumbered).
 12522 | Lair:5   | 12522 ||| STAIRDANCE
 12524 | Lair:4   | 12524 ||| Stepping ~*~*~tactically~*~*~ (outnumbered).
 12541 | Lair:5   | 12541 ||| INVOKING Heroism.
 12542 | Lair:5   | 12542 ||| INVOKING Finesse.
 12626 | Lair:5   | 12626 ||| Stepping ~*~*~tactically~*~*~ (stealth).
 12627 | Lair:5   | 12627 ||| INVOKING Heroism.
 12636 | Lair:5   | 12636 ||| Stepping ~*~*~tactically~*~*~ (outnumbered).
 12637 | Lair:5   | 12637 ||| Stepping ~*~*~tactically~*~*~ (outnumbered).
 12639 | Lair:5   | 12639 ||| Stepping ~*~*~tactically~*~*~ (outnumbered).
 12640 | Lair:5   | 12640 ||| Stepping ~*~*~tactically~*~*~ (outnumbered).
 12641 | Lair:5   | 12641 ||| Stepping ~*~*~tactically~*~*~ (outnumbered).
 12814 | Lair:5   | 12814 ||| INVOKING Heroism.
 12815 | Lair:5   | 12815 ||| INVOKING Finesse.
 12816 | Lair:5   | 12816 ||| Stepping ~*~*~tactically~*~*~ (stealth).
 12817 | Lair:5   | 12817 ||| Stepping ~*~*~tactically~*~*~ (stealth).
 12931 | Lair:5   | 12931 ||| INVOKING Heroism.
 12939 | Lair:5   | 12939 ||| Stepping ~*~*~tactically~*~*~ (outnumbered).
 12940 | Lair:5   | 12940 ||| Stepping ~*~*~tactically~*~*~ (outnumbered).
 12941 | Lair:5   | 12941 ||| Stepping ~*~*~tactically~*~*~ (outnumbered).
 12943 | Lair:5   | 12943 ||| Stepping ~*~*~tactically~*~*~ (outnumbered).
 12944 | Lair:5   | 12944 ||| Stepping ~*~*~tactically~*~*~ (outnumbered).
 12977 | Lair:5   | 12977 ||| Stepping ~*~*~tactically~*~*~ (outnumbered).
 13013 | Lair:5   | 13013 ||| Stepping ~*~*~tactically~*~*~ (stealth).
 13022 | Lair:5   | 13022 ||| Stepping ~*~*~tactically~*~*~ (stealth).
 13024 | Lair:5   | 13024 ||| Stepping ~*~*~tactically~*~*~ (stealth).
 13027 | Lair:5   | 13027 ||| INVOKING Heroism.
 13031 | Lair:5   | 13031 ||| Stepping ~*~*~tactically~*~*~ (stealth).
 13034 | Lair:5   | 13034 ||| Stepping ~*~*~tactically~*~*~ (hiding).
 13049 | Lair:5   | Received a gift from Okawaru
 13052 | Lair:5   | 13052 ||| Stepping ~*~*~tactically~*~*~ (stealth).
 13088 | Lair:5   | 13088 ||| Stepping ~*~*~tactically~*~*~ (hiding).
 13096 | Lair:5   | 13096 ||| Stepping ~*~*~tactically~*~*~ (hiding).
 13101 | Lair:5   | Reached skill level 16 in Unarmed Combat
 13103 | Lair:5   | 13103 ||| Stepping ~*~*~tactically~*~*~ (stealth).
 13208 | Lair:5   | 13208 ||| Stepping ~*~*~tactically~*~*~ (stealth).
 13212 | Lair:5   | 13212 ||| Stepping ~*~*~tactically~*~*~ (hiding).
 13216 | Lair:5   | 13216 ||| INVOKING Heroism.
 13219 | Lair:5   | 13219 ||| Stepping ~*~*~tactically~*~*~ (outnumbered).
 13224 | Lair:5   | 13224 ||| Stepping ~*~*~tactically~*~*~ (outnumbered).
 13226 | Lair:5   | 13226 ||| Stepping ~*~*~tactically~*~*~ (outnumbered).
 13227 | Lair:5   | 13227 ||| Stepping ~*~*~tactically~*~*~ (outnumbered).
 13228 | Lair:5   | 13228 ||| Stepping ~*~*~tactically~*~*~ (outnumbered).
 13231 | Lair:5   | 13231 ||| Stepping ~*~*~tactically~*~*~ (outnumbered).
 13232 | Lair:5   | 13232 ||| Stepping ~*~*~tactically~*~*~ (outnumbered).
 13233 | Lair:5   | 13233 ||| Stepping ~*~*~tactically~*~*~ (outnumbered).
 13234 | Lair:5   | 13234 ||| Stepping ~*~*~tactically~*~*~ (outnumbered).
 13242 | Lair:5   | 13242 ||| Stepping ~*~*~tactically~*~*~ (outnumbered).
 13243 | Lair:5   | 13243 ||| Stepping ~*~*~tactically~*~*~ (outnumbered).
 13244 | Lair:5   | 13244 ||| Stepping ~*~*~tactically~*~*~ (outnumbered).
 13245 | Lair:5   | 13245 ||| Stepping ~*~*~tactically~*~*~ (outnumbered).
 13249 | Lair:5   | Reached XP level 14. HP: 128/130 MP: 20/20
 13269 | Lair:5   | 13269 ||| INVOKING Heroism.
 13270 | Lair:5   | 13270 ||| Stepping ~*~*~tactically~*~*~ (outnumbered).
 13272 | Lair:5   | 13272 ||| Stepping ~*~*~tactically~*~*~ (outnumbered).
 13276 | Lair:5   | 13276 ||| Stepping ~*~*~tactically~*~*~ (outnumbered).
 13303 | Lair:5   | 13303 ||| Stepping ~*~*~tactically~*~*~ (outnumbered).
 13357 | Lair:5   | 13357 ||| Stepping ~*~*~tactically~*~*~ (hiding).
 13364 | Lair:5   | 13364 ||| INVOKING Heroism.
 13366 | Lair:5   | 13366 ||| Stepping ~*~*~tactically~*~*~ (outnumbered).
 13386 | Lair:5   | 13386 ||| INVOKING Finesse.
 13387 | Lair:5   | 13387 ||| Stepping ~*~*~tactically~*~*~ (stealth).
 13424 | Lair:5   | 13424 ||| Stepping ~*~*~tactically~*~*~ (stealth).
 13446 | Lair:5   | 13446 ||| Stepping ~*~*~tactically~*~*~ (stealth).
 13451 | Lair:5   | 13451 ||| INVOKING Heroism.
 13463 | Lair:5   | 13463 ||| Stepping ~*~*~tactically~*~*~ (stealth).
 13475 | Lair:5   | 13475 ||| Stepping ~*~*~tactically~*~*~ (stealth).
 13578 | Lair:5   | Found an iron altar of Okawaru.
 13748 | Lair:5   | 13748 ||| INVOKING Heroism.
 13891 | Lair:5   | 13891 ||| PLANNING D:1-11
 13891 | Lair:5   | 13891 ||| DROPPING ring of ice.
 13892 | Lair:5   | 13892 ||| UPGRADING to +4 ring of evasion.
 13894 | Lair:5   | 13894 ||| READING 4 scrolls of identify.
 13894 | Lair:5   | 13894 ||| IDENTIFYING bubbling white potion
 14069 | D:9      | 14069 ||| INVOKING Heroism.
 14203 | D:9      | 14203 ||| DRINKING 4 potions of curing.
 14203 | D:9      | 14203 ||| (to cure confusion)
 14208 | D:9      | 14208 ||| Stepping ~*~*~tactically~*~*~ (hiding).
 14215 | D:9      | 14215 ||| Stepping ~*~*~tactically~*~*~ (hiding).
 14219 | D:9      | 14219 ||| Stepping ~*~*~tactically~*~*~ (outnumbered).
 14225 | D:9      | 14225 ||| INVOKING Heroism.
 14230 | D:9      | Received a gift from Okawaru
 14237 | D:9      | 14237 ||| Stepping ~*~*~tactically~*~*~ (outnumbered).
 14239 | D:9      | 14239 ||| Stepping ~*~*~tactically~*~*~ (outnumbered).
 14240 | D:9      | 14240 ||| Stepping ~*~*~tactically~*~*~ (outnumbered).
 14241 | D:9      | 14241 ||| Stepping ~*~*~tactically~*~*~ (outnumbered).
 14261 | D:9      | 14261 ||| INVOKING Finesse.
 14310 | D:9      | 14310 ||| Stepping ~*~*~tactically~*~*~ (stealth).
 14342 | D:9      | 14342 ||| Stepping ~*~*~tactically~*~*~ (stealth).
 14349 | D:9      | 14349 ||| Stepping ~*~*~tactically~*~*~ (outnumbered).
 14410 | D:9      | 14410 ||| Stepping ~*~*~tactically~*~*~ (stealth).
 14418 | D:9      | 14418 ||| Stepping ~*~*~tactically~*~*~ (stealth).
 14421 | D:9      | 14421 ||| Stepping ~*~*~tactically~*~*~ (hiding).
 14422 | D:9      | 14422 ||| Stepping ~*~*~tactically~*~*~ (hiding).
 14644 | D:9      | Found a staircase to the Orcish Mines.
 14677 | D:9      | 14677 ||| Stepping ~*~*~tactically~*~*~ (hiding).
 14808 | D:9      | 14808 ||| FLEEEEING.
 14809 | D:9      | 14809 ||| FLEEEEING.
 14810 | D:9      | 14810 ||| FLEEEEING.
 15292 | D:9      | 15292 ||| DROPPING +1 robe of willpower.
 15293 | D:9      | 15293 ||| DROPPING ring of protection from cold.
 15294 | D:9      | 15294 ||| READING scroll labelled TYCABA VUOZXUCW.
 15336 | D:10     | Entered Level 10 of the Dungeon
 15411 | D:10     | Found a hazy altar of Hepliaklqana.
 15436 | D:10     | 15436 ||| Stepping ~*~*~tactically~*~*~ (stealth).
 15438 | D:10     | 15438 ||| Stepping ~*~*~tactically~*~*~ (hiding).
 15522 | D:10     | Found a glowing silver altar of Zin.
 15523 | D:10     | 15523 ||| INVOKING Heroism.
 15551 | D:10     | 15551 ||| INVOKING Heroism.
 15560 | D:10     | 15560 ||| Stepping ~*~*~tactically~*~*~ (hiding).
 15616 | D:10     | 15616 ||| INVOKING Heroism.
 15617 | D:10     | 15617 ||| Stepping ~*~*~tactically~*~*~ (outnumbered).
 15683 | D:10     | 15683 ||| Stepping ~*~*~tactically~*~*~ (stealth).
 15717 | D:10     | Found a shimmering altar of Xom.
 15720 | D:10     | 15720 ||| Stepping ~*~*~tactically~*~*~ (hiding).
 15724 | D:10     | 15724 ||| Stepping ~*~*~tactically~*~*~ (stealth).
 15728 | D:10     | 15728 ||| INVOKING Heroism.
 15967 | D:10     | 15967 ||| INVOKING Heroism.
 15972 | D:10     | 15972 ||| Stepping ~*~*~tactically~*~*~ (outnumbered).
 15974 | D:10     | 15974 ||| Stepping ~*~*~tactically~*~*~ (outnumbered).
 15975 | D:10     | 15975 ||| Stepping ~*~*~tactically~*~*~ (outnumbered).
 15983 | D:10     | 15983 ||| Stepping ~*~*~tactically~*~*~ (outnumbered).
 15984 | D:10     | 15984 ||| Stepping ~*~*~tactically~*~*~ (outnumbered).
 15995 | D:10     | Reached skill level 17 in Unarmed Combat
 15998 | D:10     | 15998 ||| Stepping ~*~*~tactically~*~*~ (outnumbered).
 16004 | D:10     | 16004 ||| Stepping ~*~*~tactically~*~*~ (outnumbered).
 16005 | D:10     | Identified the +1 ring mail of Magic {rPois rC+}
 16007 | D:10     | 16007 ||| INVOKING Heroism.
 16016 | D:10     | 16016 ||| Stepping ~*~*~tactically~*~*~ (outnumbered).
 16021 | D:10     | 16021 ||| Stepping ~*~*~tactically~*~*~ (outnumbered).
 16022 | D:10     | 16022 ||| Stepping ~*~*~tactically~*~*~ (outnumbered).
 16045 | D:10     | 16045 ||| Stepping ~*~*~tactically~*~*~ (stealth).
 16056 | D:10     | 16056 ||| Stepping ~*~*~tactically~*~*~ (stealth).
 16060 | D:10     | 16060 ||| Stepping ~*~*~tactically~*~*~ (stealth).
 16067 | D:10     | Noticed Josephine
 16068 | D:10     | 16068 ||| Stepping ~*~*~tactically~*~*~ (stealth).
 16082 | D:10     | 16082 ||| INVOKING Heroism.
 16084 | D:10     | 16084 ||| Stepping ~*~*~tactically~*~*~ (outnumbered).
 16085 | D:10     | 16085 ||| Stepping ~*~*~tactically~*~*~ (outnumbered).
 16086 | D:10     | Killed Josephine
 16090 | D:10     | 16090 ||| Stepping ~*~*~tactically~*~*~ (outnumbered).
 16094 | D:10     | 16094 ||| Stepping ~*~*~tactically~*~*~ (outnumbered).
 16098 | D:10     | 16098 ||| Stepping ~*~*~tactically~*~*~ (outnumbered).
 16099 | D:10     | 16099 ||| Stepping ~*~*~tactically~*~*~ (outnumbered).
 16100 | D:10     | 16100 ||| Stepping ~*~*~tactically~*~*~ (outnumbered).
 16102 | D:10     | 16102 ||| Stepping ~*~*~tactically~*~*~ (outnumbered).
 16124 | D:10     | 16124 ||| Stepping ~*~*~tactically~*~*~ (stealth).
 16266 | D:10     | 16266 ||| DROPPING +6 ring of strength.
 16342 | D:11     | 16342 ||| Stepping ~*~*~tactically~*~*~ (hiding).
 16343 | D:11     | 16343 ||| INVOKING Heroism.
 16344 | D:11     | 16344 ||| INVOKING Finesse.
 16345 | D:11     | 16345 ||| Stepping ~*~*~tactically~*~*~ (outnumbered).
 16380 | D:11     | 16380 ||| Stepping ~*~*~tactically~*~*~ (hiding).
 16384 | D:11     | 16384 ||| INVOKING Heroism.
 16423 | D:11     | Identified the +6 war axe "Etroduts" {distort, Dex+3}
 16604 | D:11     | 16604 ||| INVOKING Heroism.
 17022 | D:11     | 17022 ||| PLANNING D
 17022 | D:11     | 17022 ||| UPGRADING to +0 fire dragon scales.
 17032 | D:11     | 17032 ||| READING scroll labelled ORACUWKIKE.
 17032 | D:11     | Identified a scroll of acquirement
 17032 | D:11     | 17032 ||| ACQUIRING +0 hat "Leeluneh" {rPois rN+++ Int-4
                  | Dex-3}
 17032 | D:11     | Acquired the +0 hat "Leeluneh" {rPois rN+++ Int-4 Dex-3}
 17034 | D:11     | 17034 ||| READING scroll labelled ARPHAUCO KECYDE.
 17151 | D:12     | Received a gift from Okawaru
 17189 | D:12     | 17189 ||| Stepping ~*~*~tactically~*~*~ (stealth).
 17190 | D:12     | 17190 ||| Stepping ~*~*~tactically~*~*~ (stealth).
 17210 | D:12     | Reached skill level 3 in Armour
 17257 | D:12     | 17257 ||| Stepping ~*~*~tactically~*~*~ (hiding).
 17275 | D:12     | Reached XP level 15. HP: 128/140 MP: 21/21
 17530 | D:12     | 17530 ||| Stepping ~*~*~tactically~*~*~ (stealth).
 17531 | D:12     | 17531 ||| Stepping ~*~*~tactically~*~*~ (stealth).
 17538 | D:12     | Received a gift from Okawaru
 17810 | D:12     | Reached skill level 18 in Unarmed Combat
 18145 | D:12     | 18145 ||| DROPPING +6 ring of intelligence.
 18198 | D:13     | Noticed Sonja
 18199 | D:13     | 18199 ||| INVOKING Finesse.
 18212 | D:13     | Killed Sonja
 18230 | D:13     | Noticed Rupert
 18231 | D:13     | 18231 ||| INVOKING Heroism.
 18249 | D:13     | Killed Rupert
 18250 | D:13     | 18250 ||| STAIRDANCE
 18501 | D:13     | 18501 ||| Stepping ~*~*~tactically~*~*~ (stealth).
 18502 | D:13     | 18502 ||| Stepping ~*~*~tactically~*~*~ (stealth).
 18504 | D:13     | 18504 ||| Stepping ~*~*~tactically~*~*~ (hiding).
 18513 | D:13     | Noticed Azrael
 18514 | D:13     | 18514 ||| Stepping ~*~*~tactically~*~*~ (hiding).
 18519 | D:13     | 18519 ||| INVOKING Heroism.
 18520 | D:13     | 18520 ||| INVOKING Finesse.
 18528 | D:13     | Killed Azrael
 18570 | D:13     | Identified the +1 helmet of Qunkemyg {rC+ Will+ Regen+
                  | Str-4}
 18704 | D:13     | 18704 ||| DRINKING 2 potions of cancellation.
 18801 | D:13     | Found Soeficer's Antique Armour Emporium.
 18806 | D:13     | 18806 ||| BUYING runed robe (140 gold).
 18806 | D:13     | Bought a runed robe for 140 gold pieces
 18999 | D:13     | Noticed Jorgrun
 19000 | D:13     | 19000 ||| Stepping ~*~*~tactically~*~*~ (hiding).
 19006 | D:13     | 19006 ||| INVOKING Heroism.
 19007 | D:13     | 19007 ||| INVOKING Finesse.
 19008 | D:13     | 19008 ||| DRINKING potion of cancellation.
 19009 | D:13     | 19009 ||| INVOKING Finesse.
 19016 | D:13     | Killed Jorgrun
 19110 | D:13     | 19110 ||| DROPPING +2 robe of fire resistance.
 19187 | D:14     | 19187 ||| READING scroll of enchant armour.
 19187 | D:14     | 19187 ||| ENCHANTING +0 fire dragon scales.
 19229 | D:14     | 19229 ||| INVOKING Heroism.
 19232 | D:14     | 19232 ||| Stepping ~*~*~tactically~*~*~ (outnumbered).
 19233 | D:14     | 19233 ||| Stepping ~*~*~tactically~*~*~ (outnumbered).
 19236 | D:14     | Reached skill level 12 in Shields
 19409 | D:14     | Found a transporter.
 19418 | D:14     | Found a transporter.
 19439 | D:14     | Found a transporter.
 19440 | D:14     | Found a transporter.
 19595 | D:14     | 19595 ||| INVOKING Heroism.
 19600 | D:14     | 19600 ||| Stepping ~*~*~tactically~*~*~ (outnumbered).
 19605 | D:14     | 19605 ||| Stepping ~*~*~tactically~*~*~ (outnumbered).
 19609 | D:14     | 19609 ||| Stepping ~*~*~tactically~*~*~ (outnumbered).
 19610 | D:14     | 19610 ||| Stepping ~*~*~tactically~*~*~ (outnumbered).
 19615 | D:14     | 19615 ||| Stepping ~*~*~tactically~*~*~ (outnumbered).
 19617 | D:14     | 19617 ||| Stepping ~*~*~tactically~*~*~ (outnumbered).
 19618 | D:14     | 19618 ||| Stepping ~*~*~tactically~*~*~ (outnumbered).
 19619 | D:14     | 19619 ||| Stepping ~*~*~tactically~*~*~ (outnumbered).
 19620 | D:14     | 19620 ||| Stepping ~*~*~tactically~*~*~ (outnumbered).
 19624 | D:14     | 19624 ||| Stepping ~*~*~tactically~*~*~ (outnumbered).
 19625 | D:14     | 19625 ||| Stepping ~*~*~tactically~*~*~ (outnumbered).
 19626 | D:14     | 19626 ||| Stepping ~*~*~tactically~*~*~ (outnumbered).
 19665 | D:14     | Found a runed translucent door.
 19723 | D:14     | 19723 ||| Stepping ~*~*~tactically~*~*~ (stealth).
 19729 | D:14     | 19729 ||| INVOKING Heroism.
 19744 | D:14     | Received a gift from Okawaru
 19763 | D:14     | Found a transporter.
 19765 | D:14     | Found a transporter.
 19855 | D:14     | 19855 ||| Stepping ~*~*~tactically~*~*~ (stealth).
 19857 | D:14     | 19857 ||| Stepping ~*~*~tactically~*~*~ (stealth).
 19860 | D:14     | 19860 ||| INVOKING Heroism.
 19861 | D:14     | 19861 ||| INVOKING Finesse.
 19872 | D:14     | 19872 ||| Stepping ~*~*~tactically~*~*~ (hiding).
 19915 | D:14     | Found a gate to the Vaults.
 20050 | D:14     | Noticed Uqorphet's ghost (journeyman DECj)
 20052 | D:14     | 20052 ||| DROPPING +0 cloak.
 20086 | D:15     | Entered Level 15 of the Dungeon
 20086 | D:15     | Found Xiom's Antique Armour Boutique.
 20087 | D:15     | 20087 ||| PLANNING BAZAAR
 20151 | D:15     | 20151 ||| Stepping ~*~*~tactically~*~*~ (hiding).
 20286 | D:15     | Found a flickering gateway to a bazaar.
 20297 | Bazaar   | Entered a bazaar
 20297 | Bazaar   | Found Poram's Book Shoppe.
 20297 | Bazaar   | Found Mekhar's Assorted Antiques.
 20299 | Bazaar   | Found Dontev's Book Shoppe.
 20309 | Bazaar   | Found Mickeb's Antique Armour Emporium.
 20319 | Bazaar   | 20319 ||| BUYING 2 scrolls of brand weapon (437 gold).
 20319 | Bazaar   | Bought 2 scrolls of brand weapon for 437 gold pieces
 20319 | Bazaar   | 20319 ||| BUYING potion of curing (69 gold).
 20319 | Bazaar   | Bought a potion of curing for 69 gold pieces
 20319 | Bazaar   | 20319 ||| BUYING potion of curing (69 gold).
 20319 | Bazaar   | Bought a potion of curing for 69 gold pieces
 20319 | Bazaar   | 20319 ||| BUYING potion of heal wounds (115 gold).
 20319 | Bazaar   | Bought a potion of heal wounds for 115 gold pieces
 20319 | Bazaar   | 20319 ||| BUYING scroll labelled QUJ ERUYNE (23 gold).
 20319 | Bazaar   | Bought a scroll labelled QUJ ERUYNE for 23 gold pieces
 20323 | Bazaar   | 20323 ||| BUYING +0 mask of the Dragon {Will+ Slay+3 SInv}
                  | (768 gold).
 20323 | Bazaar   | Bought the +0 mask of the Dragon {Will+ Slay+3 SInv} for
                  | 768 gold pieces
 20323 | Bazaar   | Found the +0 mask of the Dragon {Will+ Slay+3 SInv}
 20337 | Bazaar   | 20337 ||| UPGRADING to +0 mask of the Dragon {Will+ Slay+3
                  | SInv}.
 20347 | Bazaar   | 20347 ||| DROPPING +2 hat.
 20348 | Bazaar   | 20348 ||| DROPPING scroll of blinking.
 20359 | D:15     | 20359 ||| PLANNING D
 20379 | D:15     | 20379 ||| Stepping ~*~*~tactically~*~*~ (hiding).
 20381 | D:15     | 20381 ||| INVOKING Heroism.
 20402 | D:15     | 20402 ||| Stepping ~*~*~tactically~*~*~ (outnumbered).
 20404 | D:15     | 20404 ||| Stepping ~*~*~tactically~*~*~ (outnumbered).
 20405 | D:15     | 20405 ||| Stepping ~*~*~tactically~*~*~ (outnumbered).
 20410 | D:15     | HP: 33/143 [skeletal warrior/+0 battleaxe (23)]
 20411 | D:15     | 20411 ||| READING 8 scrolls of teleportation.
 20412 | D:15     | 20412 ||| DRINKING 7 potions of heal wounds.
 20415 | D:15     | HP: 25/143 [skeletal warrior/+0 halberd (14)]
 20416 | D:15     | 20416 ||| DRINKING 6 potions of heal wounds.
 20514 | D:15     | 20514 ||| INVOKING Heroism.
 20517 | D:15     | 20517 ||| Stepping ~*~*~tactically~*~*~ (outnumbered).
 20518 | D:15     | 20518 ||| Stepping ~*~*~tactically~*~*~ (outnumbered).
 20519 | D:15     | 20519 ||| Stepping ~*~*~tactically~*~*~ (outnumbered).
 20529 | D:15     | Reached skill level 19 in Unarmed Combat
 20532 | D:15     | HP: 33/143 [orc knight/+0 battleaxe (19)]
 20533 | D:15     | 20533 ||| READING 7 scrolls of teleportation.
 20534 | D:15     | 20534 ||| DRINKING 5 potions of heal wounds.
 20551 | D:15     | HP: 35/143 [centaur warrior/arrow (8)]
 20552 | D:15     | 20552 ||| READING 6 scrolls of teleportation.
 20554 | D:15     | 20554 ||| DRINKING 4 potions of heal wounds.
 20556 | D:15     | Received a gift from Okawaru
 20762 | D:15     | 20762 ||| INVOKING Heroism.
 20830 | D:15     | 20830 ||| INVOKING Heroism.
 20843 | D:15     | Found a staircase to the Depths.
 20879 | D:15     | 20879 ||| Stepping ~*~*~tactically~*~*~ (stealth).
 20881 | D:15     | 20881 ||| Stepping ~*~*~tactically~*~*~ (hiding).
 20916 | D:15     | 20916 ||| Stepping ~*~*~tactically~*~*~ (hiding).
 20917 | D:15     | 20917 ||| Stepping ~*~*~tactically~*~*~ (hiding).
 20918 | D:15     | 20918 ||| Stepping ~*~*~tactically~*~*~ (hiding).
 20956 | D:15     | Received a gift from Okawaru
 21037 | D:15     | 21037 ||| INVOKING Heroism.
 21045 | D:15     | Reached skill level 9 in Fighting
 21133 | D:15     | 21133 ||| PLANNING ORC
 21286 | Orc:1    | Entered Level 1 of the Orcish Mines
 21296 | Orc:1    | 21296 ||| INVOKING Heroism.
 21303 | Orc:1    | 21303 ||| Stepping ~*~*~tactically~*~*~ (outnumbered).
 21347 | Orc:1    | 21347 ||| INVOKING Heroism.
 21351 | Orc:1    | 21351 ||| Stepping ~*~*~tactically~*~*~ (hiding).
 21353 | Orc:1    | 21353 ||| Stepping ~*~*~tactically~*~*~ (outnumbered).
 21357 | Orc:1    | 21357 ||| Stepping ~*~*~tactically~*~*~ (outnumbered).
 21360 | Orc:1    | 21360 ||| Stepping ~*~*~tactically~*~*~ (outnumbered).
 21361 | Orc:1    | 21361 ||| Stepping ~*~*~tactically~*~*~ (outnumbered).
 21386 | Orc:1    | 21386 ||| Stepping ~*~*~tactically~*~*~ (stealth).
 21387 | Orc:1    | 21387 ||| Stepping ~*~*~tactically~*~*~ (stealth).
 21388 | Orc:1    | 21388 ||| Stepping ~*~*~tactically~*~*~ (stealth).
 21531 | Orc:1    | Found Jabolus's Armour Shoppe.
 21813 | Orc:2    | Entered Level 2 of the Orcish Mines
 21814 | Orc:2    | 21814 ||| PLANNING BAZAAR
 21815 | Orc:2    | 21815 ||| INVOKING Heroism.
 21823 | Orc:2    | 21823 ||| Stepping ~*~*~tactically~*~*~ (outnumbered).
 21824 | Orc:2    | 21824 ||| Stepping ~*~*~tactically~*~*~ (outnumbered).
 21825 | Orc:2    | 21825 ||| Stepping ~*~*~tactically~*~*~ (outnumbered).
 21826 | Orc:2    | 21826 ||| Stepping ~*~*~tactically~*~*~ (outnumbered).
 21827 | Orc:2    | 21827 ||| Stepping ~*~*~tactically~*~*~ (outnumbered).
 21831 | Orc:2    | 21831 ||| Stepping ~*~*~tactically~*~*~ (outnumbered).
 21943 | Orc:2    | Found a flickering gateway to a bazaar.
 21952 | Bazaar   | Entered a bazaar
 21952 | Bazaar   | Found Orebras's Assorted Antiques.
 21955 | Bazaar   | Found Gag Bid's Antique Armour Boutique.
 21959 | Bazaar   | 21959 ||| BUYING runed robe (144 gold).
 21959 | Bazaar   | Bought a runed robe for 144 gold pieces
 21959 | Bazaar   | 21959 ||| BUYING scroll of teleportation (117 gold).
 21959 | Bazaar   | Bought a scroll of teleportation for 117 gold pieces
 21959 | Bazaar   | 21959 ||| BUYING translucent cloak (370 gold).
 21959 | Bazaar   | Bought a translucent cloak for 370 gold pieces
 21959 | Bazaar   | Identified the +2 cloak of Hedonism {Harm Dex+3 SInv} (You
                  | bought it in a shop in a bazaar)
 21966 | Bazaar   | 21966 ||| BUYING embroidered robe (99 gold).
 21966 | Bazaar   | Bought an embroidered robe for 99 gold pieces
 21966 | Bazaar   | Found Gich's Jewellery Shop.
 21976 | Bazaar   | Found Foac's Distillery.
 21986 | Bazaar   | 21986 ||| BUYING 2 potions of curing (72 gold).
 21986 | Bazaar   | Bought 2 potions of curing for 72 gold pieces
 21986 | Bazaar   | 21986 ||| BUYING potion of curing (36 gold).
 21986 | Bazaar   | Bought a potion of curing for 36 gold pieces
 21987 | Bazaar   | Found Foagucot's Jewellery Emporium.
 21996 | Bazaar   | 21996 ||| DROPPING +2 robe of willpower.
 21997 | Bazaar   | 21997 ||| DROPPING +0 robe of the Archmagi.
 22012 | Orc:2    | 22012 ||| PLANNING ORC
 22067 | Orc:2    | Found a staircase to the Elven Halls.
 22085 | Orc:2    | 22085 ||| INVOKING Heroism.
 22089 | Orc:2    | Reached XP level 16. HP: 156/156 MP: 22/22
 22108 | Orc:2    | 22108 ||| INVOKING Heroism.
 22119 | Orc:2    | 22119 ||| Stepping ~*~*~tactically~*~*~ (outnumbered).
 22120 | Orc:2    | 22120 ||| Stepping ~*~*~tactically~*~*~ (outnumbered).
 22127 | Orc:2    | 22127 ||| Stepping ~*~*~tactically~*~*~ (stealth).
 22143 | Orc:2    | 22143 ||| Stepping ~*~*~tactically~*~*~ (stealth).
 22149 | Orc:2    | 22149 ||| Stepping ~*~*~tactically~*~*~ (hiding).
 22161 | Orc:2    | 22161 ||| Stepping ~*~*~tactically~*~*~ (hiding).
 22189 | Orc:2    | 22189 ||| Stepping ~*~*~tactically~*~*~ (stealth).
 22217 | Orc:2    | 22217 ||| INVOKING Heroism.
 22226 | Orc:2    | 22226 ||| Stepping ~*~*~tactically~*~*~ (outnumbered).
 22227 | Orc:2    | 22227 ||| Stepping ~*~*~tactically~*~*~ (outnumbered).
 22228 | Orc:2    | 22228 ||| Stepping ~*~*~tactically~*~*~ (outnumbered).
 22229 | Orc:2    | 22229 ||| Stepping ~*~*~tactically~*~*~ (outnumbered).
 22230 | Orc:2    | 22230 ||| Stepping ~*~*~tactically~*~*~ (outnumbered).
 22231 | Orc:2    | 22231 ||| Stepping ~*~*~tactically~*~*~ (hiding).
 22244 | Orc:2    | 22244 ||| Stepping ~*~*~tactically~*~*~ (outnumbered).
 22301 | Orc:2    | Found Tetz's Armour Shoppe.
 22301 | Orc:2    | Found Foevusm's Book Shop.
 22312 | Orc:2    | 22312 ||| Stepping ~*~*~tactically~*~*~ (stealth).
 22320 | Orc:2    | 22320 ||| Stepping ~*~*~tactically~*~*~ (stealth).
 22322 | Orc:2    | 22322 ||| INVOKING Heroism.
 22327 | Orc:2    | 22327 ||| Stepping ~*~*~tactically~*~*~ (hiding).
 22328 | Orc:2    | 22328 ||| Stepping ~*~*~tactically~*~*~ (hiding).
 22333 | Orc:2    | 22333 ||| Stepping ~*~*~tactically~*~*~ (outnumbered).
 22347 | Orc:2    | 22347 ||| Stepping ~*~*~tactically~*~*~ (stealth).
 22492 | Orc:2    | Found Peigal's Weapon Shop.
 22493 | Orc:2    | 22493 ||| INVOKING Heroism.
 22503 | Orc:2    | Found Geysem's Antique Armour Shoppe.
 22519 | Orc:2    | HP: 38/156 [orc warrior/+0 flail (9)]
 22520 | Orc:2    | 22520 ||| READING 6 scrolls of teleportation.
 22521 | Orc:2    | 22521 ||| DRINKING 3 potions of heal wounds.
 22522 | Orc:2    | 22522 ||| DRINKING 2 potions of heal wounds.
 22578 | Orc:2    | 22578 ||| Stepping ~*~*~tactically~*~*~ (stealth).
 22632 | Orc:2    | 22632 ||| Stepping ~*~*~tactically~*~*~ (stealth).
 22643 | Orc:2    | 22643 ||| Stepping ~*~*~tactically~*~*~ (stealth).
 22648 | Orc:2    | 22648 ||| Stepping ~*~*~tactically~*~*~ (hiding).
 22689 | Orc:2    | 22689 ||| Stepping ~*~*~tactically~*~*~ (stealth).
 22766 | Orc:2    | Noticed Urug
 22767 | Orc:2    | 22767 ||| INVOKING Heroism.
 22768 | Orc:2    | 22768 ||| INVOKING Finesse.
 22774 | Orc:2    | Killed Urug
 22996 | Orc:2    | 22996 ||| PLANNING SHOALS:1-3
 23180 | Shoals:1 | Entered Level 1 of the Shoals
 23184 | Shoals:1 | 23184 ||| INVOKING Heroism.
 23221 | Shoals:1 | 23221 ||| INVOKING Heroism.
 23230 | Shoals:1 | Received a gift from Okawaru
 23272 | Shoals:1 | Identified the +1 hat "Ekugeann" {Harm rF- Int+5}
 23303 | Shoals:1 | 23303 ||| INVOKING Heroism.
 23315 | Shoals:1 | 23315 ||| INVOKING Finesse.
 23338 | Shoals:1 | Reached skill level 20 in Unarmed Combat
 23400 | Shoals:1 | 23400 ||| INVOKING Heroism.
 23420 | Shoals:1 | HP: 39/156 [merfolk/+0 spear[a merfolk impaler] (18)]
 23421 | Shoals:1 | 23421 ||| READING 5 scrolls of teleportation.
 23427 | Shoals:1 | HP: 34/156 [wind drake/the air (15)]
 23428 | Shoals:1 | 23428 ||| READING 4 scrolls of teleportation.
 23429 | Shoals:1 | 23429 ||| DRINKING potion of heal wounds.
 23432 | Shoals:1 | HP: 31/156 [centaur warrior (12)]
 23434 | Shoals:1 | 23434 ||| READING 3 scrolls of teleportation.
 23440 | Shoals:1 | 23440 ||| READING 2 scrolls of teleportation.
 23444 | Shoals:1 | 23444 ||| INVOKING Finesse.
 23445 | Shoals:1 | HP: 26/156 [water elemental[a merfolk aquamancer] (15)]
 23447 | Shoals:1 | 23447 ||| Stepping ~*~*~tactically~*~*~ (outnumbered).
 23448 | Shoals:1 | 23448 ||| READING scroll of teleportation.
 23450 | Shoals:1 | HP: 28/156 [water elemental[a merfolk aquamancer] (9)]
 23453 | Shoals:1 | HP: 8/156 [wind drake/the air (23)]
 23454 | Shoals:1 | Killed from afar by a wind drake

Levels and vault maps discovered:
D:1:      eino_arrival_cavern_c, layout_basic,
          hellmonk_ecumenical_altar_heavens_door, minmay_pentomino_v4
D:2:      layout_rooms, basic_altar, pf_guarded_unrand_delatra
D:3:      layout_basic, kiku_gazebo_pond_becter, nicolae_overflow_squiral,
          nemelex_dance_club_becter, uniq_terence
D:4:      layout_loops_ring, temple_doors_e, chequers_big_river,
          kennysheep_generic_room_2
D:5:      layout_cave_pods, uniq_ijyb
D:6:      layout_basic, okawaru_altar_gauntlet_db, gammafunk_ghost_hive,
          roderic_st_hans_cross, uniq_grinder
D:7:      layout_gridville, kennysheep_mini, enter_bailey_7,
          wad_floor_pattern_untrapped
D:8:      hangedman_cross_stitches, layout_loops_ring, lemuel_tele_altar,
          nicolae_blasting_shop, uniq_joseph
D:9:      minmay_the_grid_octo_tiled_squarecenter [minmay_the_grid_octo_focus,
          minmay_the_grid_octo_chip, minmay_the_grid_octo_odd_swirl,
          minmay_the_grid_octo_fan_narrow,
          minmay_the_grid_square_5x5_megaprize_hollow,
          minmay_the_grid_square_5x5_hollow_slash,
          minmay_the_grid_square_5x5_broken_cross,
          minmay_the_grid_square_5x5_inner_i, minmay_the_grid_square_5x5_seven],
          layout_stronghold
D:10:     hangedman_screamer, layout_loops_cross, led_xom_imps,
          mainiacjoe_overflow_concentric_impassable,
          nicolae_hepliaklqana_hippocampus
D:11:     minmay_cut_squares, layout_long_grid
D:12:     layout_stronghold, kennysheep_crisscross
D:13:     layout_loops_corners, serial_shops, shop, uniq_rupert, uniq_azrael,
          uniq_sonja, uniq_jorgrun
D:14:     layout_cave_pods, david_vaults_5, ebering_ghost_reflecting_pool,
          abandoned_shop, minmay_misc_feat_more_columns, serial_nicolae_subway,
          nicolae_sub_station_metal, nicolae_sub_station_stone,
          nicolae_sub_station_crystal
D:15:     grunt_enter_depths_hoard, layout_irregular_city, serial_column_ruins,
          column_ruins_pillar_7, column_ruins_pillar_2, column_ruins_pillar_5,
          column_ruins_pillar_2, column_ruins_pillar_1, column_ruins_pillar_3,
          column_ruins_pillar_1, column_ruins_pillar_1, column_ruins_pillar_3,
          column_ruins_pillar_8, column_ruins_pillar_10, column_ruins_pillar_7,
          serial_shops, bzr_entry_lakeside, nicolae_shop_waterfront,
          minmay_crystal_water
Lair:1:   layout_cave_pods, uniq_nergalle
Lair:2:   layout_regular_city, spider_nest_entry_webs,
          ebering_ghost_inner_flame, evilmike_ambush
          [evilmike_ambush_outer_basic, evilmike_ambush_inner_pond],
          grunt_megastairs_4, uniq_fannar
Lair:3:   layout_regular_city, shoals_dummy_entry
Lair:4:   wander_river, layout_loops_ring, minmay_slime_entry_jelly_boxes,
          infiniplex_staircase_pool_2, uniq_kirke
Lair:5:   hangedman_lair_in_review, layout_gridlike,
          hangedman_lair_caniforms_friends, basic_altar, lemuel_another_geyser
Shoals:1: layout_shoals, nicolae_shoals_siren_and_animal_friends
Orc:1:    layout_caves, basic_altar, serial_shops, nicolae_shop_crystal
Orc:2:    st_orc_town, layout_diamond_mine, serial_shops, bzr_entry_water,
          uniq_urug

Skill      XL: |  1  2  3  4  5  6  7  8  9 10 11 12 13 14 15 16 |
---------------+-------------------------------------------------+-----
Unarmed Combat | 4 5 6 7 9 10 12 13 14 16 17 19 20 | 20.0
Shields        | 2 4 5 6 8 9 10 11 12 | 12.9
Throwing       | 1 2 3 4 5 6 7 8 |  8.1
Fighting       | 3 4 5 6 7 9 |  9.0
Armour         | 2 3 4 |  4.0
Dodging        | 1 2 |  2.0
Invocations    | 4 7 10 | 10.0
Spellcasting   | |  1.0
Fire Magic     | |  2.1

Action                   |  1- 3 |  4- 6 |  7- 9 | 10-12 | 13-15 | 16-18 || total
-------------------------+-------+-------+-------+-------+-------+-------++-------
Melee: Unarmed           |   112 |   187 |   230 |   444 |  1115 |   255 ||  2343
       Punch             |     1 |       |       |       |       |       ||     1
Throw: Boomerang         |       |     9 |       |    20 |    29 |       ||    58
       Javelin           |       |     2 |       |     8 |    13 |       ||    23
       Large rock        |       |     1 |    37 |    48 |   153 |    28 ||   267
Invok: Fiery Armour      |     1 |     4 |     5 |     3 |       |       ||    13
       Heroism           |       |       |       |    27 |    46 |     9 ||    82
       Finesse           |       |       |       |       |    13 |     3 ||    16
  Use: Scroll            |     3 |     7 |     5 |    12 |     9 |     6 ||    42
       Potion            |     1 |     1 |     1 |     6 |     7 |     3 ||    19
 Stab: Distracted        |       |       |       |     1 |       |       ||     1
       Petrified         |       |       |       |       |     1 |       ||     1
Armor: Robe              |    47 |    69 |    93 |    50 |       |       ||   259
       Acid dragon scale |       |       |       |   127 |   236 |       ||   363
       Fire dragon scale |       |       |       |       |    76 |    22 ||    98
Dodge: Dodged            |    54 |    38 |    71 |   147 |   352 |    84 ||   746
       Repelled          |       |       |       |     3 |     6 |     5 ||    14
Block: Kite shield       |       |    40 |    99 |   232 |   626 |   133 ||  1130

Table legend:
 A = Non-vault XP
 B = Vault XP
 C = Vault XP percentage of total XP
 D = Non-vault monster count
 E = Vault monster count
 F = Vault count percentage of total count
                 A         B        C        D         E       F
            +---------+---------+-------+---------+---------+-------
      Total |  104723 |   75057 |  41.7 |     533 |     303 |  36.2
            +---------+---------+-------+---------+---------+-------
        D:1 |      82 |       7 |   7.9 |      39 |       4 |   9.3
        D:2 |      84 |      53 |  38.7 |      19 |       7 |  26.9
        D:3 |     109 |      43 |  28.3 |      29 |       3 |   9.4
        D:4 |     435 |      48 |   9.9 |      28 |       4 |  12.5
        D:5 |    1081 |      40 |   3.6 |      17 |       1 |   5.6
        D:6 |     662 |     300 |  31.2 |      15 |       7 |  31.8
        D:7 |     946 |      19 |   2.0 |      16 |       4 |  20.0
        D:8 |    2226 |    1636 |  42.4 |      25 |      11 |  30.6
        D:9 |    2422 |    5912 |  70.9 |      22 |      24 |  52.2
       D:10 |    1378 |    8662 |  86.3 |      16 |      35 |  68.6
       D:11 |    4665 |    3544 |  43.2 |      15 |       6 |  28.6
       D:12 |    8046 |       0 |   0.0 |      21 |       0 |   0.0
       D:13 |    2578 |    6391 |  71.3 |       6 |       9 |  60.0
       D:14 |   11176 |    4508 |  28.7 |      19 |       7 |  26.9
       D:15 |   15364 |    1783 |  10.4 |      30 |       2 |   6.2
     Lair:1 |    8950 |     763 |   7.9 |      28 |       1 |   3.4
     Lair:2 |    6841 |    2989 |  30.4 |      26 |      11 |  29.7
     Lair:3 |    3476 |      85 |   2.4 |      16 |       2 |  11.1
     Lair:4 |    8535 |    2200 |  20.5 |      38 |      16 |  29.6
     Lair:5 |   10989 |   19675 |  64.2 |      33 |      77 |  70.0
   Shoals:1 |    8889 |    5430 |  37.9 |      19 |      11 |  36.7
      Orc:1 |    3162 |       0 |   0.0 |      28 |       0 |   0.0
      Orc:2 |    2627 |   10969 |  80.7 |      28 |      61 |  68.5
            +---------+---------+-------+---------+---------+-------
